 Dungeon Crawl Stone Soup version bcrawl-1.14.2-1-gc900083943 (webtiles) character file.

Game seed: 17183876677839335065

5 MisterOstroum the Stinger (level 1, -1/16 HPs)
             Began as a Demigod Wanderer on Sept 21, 2019.
             Slain by a leopard gecko (4 damage)
             ... on level 1 of the Dungeon.
             The game lasted 00:02:01 (159 turns).

MisterOstroum the Stinger (Demigod Wanderer)         Turns: 159, Time: 00:02:02

Health: -1/16      AC:  2    Str: 14    XL:     1   Next: 66%
Magic:  3/4        EV: 11    Int: 17    God:    Demigod [......]
Gold:   0          SH:  0    Dex: 17    Spells: 1/2 levels left

rFire    . . .     SeeInvis .   a - +2 quarterstaff
rCold    . . .     Gourm    .   (shield currently unavailable)
rNeg     . . .     Faith    .   d - +0 robe
rPois    .         Spirit   .   (no helmet)
rElec    .         Reflect  .   (no cloak)
rCorr    .         Harm     .   (no gloves)
MR       .....                  (no boots)
Stlth    ++........             (no amulet)
HPRegen  0.05/turn              (no ring)
MPRegen  0.09/turn              (no ring)

@: very slightly contaminated
A: high mp 1
a: no special abilities


You were on level 1 of the Dungeon.
You worshipped Demigod.
Demigod was noncommittal.
You were not hungry.

You visited 1 branch of the dungeon, and saw 1 of its levels.

Inventory:

Hand Weapons
 a - a +2 quarterstaff (weapon)
 c - a +0 dagger
Armour
 d - a +0 robe (worn)
Scrolls
 b - a scroll of remove curse {unknown}
 j - a scroll of identify {unknown}
Potions
 f - a potion of heal wounds {unknown}
 g - a potion of might {unknown}
 h - a potion of lignification {unknown}
Comestibles
 e - a ration {!d}
 i - 7 chunks of flesh


   Skills:
 + Level 1.6 Fighting
 + Level 1.8 Staves
 - Level 1.0 Throwing
 - Level 1.0 Spellcasting
 - Level 1.0 Summonings
   Level 2.6 Poison Magic
   Level 1.0 Evocations


You had one spell level left.
You knew the following spells:

 Your Spells              Type           Power        Failure   Level  Hunger
a - Summon Small Mammal   Summ           #...         14%         1    ##.....

Your spell library contained the following spells:

 Spells                   Type           Power        Failure   Level  Hunger
 Summon Butterflies       Summ           #.......     14%         1    ##.....
 Apportation              Tloc           #.....       22%         1    ##.....
 Infusion                 Chrm           #.......     22%         1    ##.....
 Sandblast                Erth           #.....       22%         1    ##.....
 Slow                     Hex            #.......     22%         1    ##.....
 Call Imp                 Summ           #.......     22%         2    ###....
 Call Canine Familiar     Summ           #.......     38%         3    ####...
 Summon Ice Beast         Ice/Summ       #.......     86%         4    #####..
 Summon Lightning Spire   Summ/Air       #.......     99%         5    ######.


Dungeon Overview and Level Annotations

Branches:
Dungeon (1/12)


Innate Abilities, Weirdness & Mutations

You have an increased reservoir of magic. (+10% MP)


Message History

You are too injured to fight recklessly!
You are too injured to fight recklessly!
You closely miss the rat. The rat closely misses you.
A goblin comes into view. It is wielding a +0 dagger.
The rat bites you.
The goblin shouts!
You hit the rat but do no damage. The rat bites you.
You hit the rat.
You kill the rat!
Your kill strengthens your divinity.
You hit the goblin.
You kill the goblin!
Your kill strengthens your divinity.
Items here: ))) ††††
c - a +0 dagger You swing at nothing.
Found a fuming silvery potion and a bubbling sapphire potion.
Found a stone staircase leading down.
Wield which item (- for none, * to show all)? (? for menu, Esc to quit)
c - a +0 dagger (weapon)
f - a bubbling sapphire potion
g - a fuming blue potion
h - a fuming silvery potion
There is a stone staircase leading down here.
Okay, then.
Unknown command.
Memorise Summon Small Mammal, consuming 1 spell level and leaving 1?
You start memorising the spell.
You continue memorising.
You finish memorising.
Spell assigned to 'a'.
Okay, then.
Sorry, you're not good enough to have a special ability.
HP restored.
You butcher the goblin corpse.
i - a chunk of flesh You butcher the rat corpse.
i - 2 chunks of flesh (gained 1)
You butcher the hobgoblin corpse.
i - 5 chunks of flesh (gained 3)
You butcher the goblin corpse.
i - 7 chunks of flesh (gained 2)
Items here: )) ÷÷÷÷ x2
A bat comes into view.
A bat is nearby!
You are too injured to fight recklessly!
You are too injured to fight recklessly!
Found a stone staircase leading down.
You see here a scroll labeled JIFRE JE KUROI.
j - a scroll labeled JIFRE JE KUROI The bat hits you but does no damage.
Found a fuming silvery potion and a scale mail.
You closely miss the bat. The bat hits you.
You are too injured to fight recklessly!
You are too injured to fight recklessly!
You closely miss the bat. The bat hits you but does no damage.
A leopard gecko comes into view.
The leopard gecko hisses angrily.
You hear a shout!
The bat barely misses you. The bat hits you.
A frilled lizard and a hobgoblin come into view.
The frilled lizard hisses angrily.
The hobgoblin shouts!
The bat barely misses you.
Found 3 scrolls labeled ZIAVIN NIDO ZUAL.
The bat barely misses you. The bat barely misses you.
The leopard gecko closely misses you. The leopard gecko barely misses you.
The bat closely misses you. The bat hits you but does no damage.
The bat barely misses you.
You miss the bat. The bat hits you but does no damage.
You closely miss the bat. The bat barely misses you.
You barely miss the bat. The bat barely misses you.
You closely miss the bat. The bat hits you.
Wield which item (- for none, * to show all)? (? for menu, Esc to quit)
a - a +2 quarterstaff (weapon)
The bat hits you.
You sock the bat!
You kill the bat!
Your kill strengthens your divinity.
The leopard gecko barely misses you.
You barely miss the leopard gecko. The leopard gecko barely misses you.
You hit the leopard gecko but do no damage.
The leopard gecko bites you. The leopard gecko closely misses you.
You hit the leopard gecko.
The leopard gecko is almost dead.
The leopard gecko bites you.
* * * LOW HITPOINT WARNING * * *
You closely miss the leopard gecko.
The leopard gecko is almost dead.
The leopard gecko bites you.
* * * LOW HITPOINT WARNING * * *
The leopard gecko completely misses you.
You completely miss the leopard gecko.
The leopard gecko is almost dead.
The leopard gecko barely misses you.
Casting: Summon Small Mammal (safe; 14% risk of failure)
Confirm with . or Enter, or press ? or * to list all spells.
You miscast Summon Small Mammal.
You are very lightly contaminated with residual magic.
Your head hurts.
The leopard gecko barely misses you. The leopard gecko bites you.
You die...
Your divinity fades.

#..)..###...∩.<.......
#......)..............
#.....##........⌠.....
#.....##..............
#.....###..#..........
..###.............###.....
.......>...####..## #..[.
...#...##.## ##... #...
.....####@# ... ...## #l#
### #l# . #g# ... #.###.g#
###.###.....##.
...........!...
...#..#..###[.. ##.#..# #.


You could see a leopard gecko, a hobgoblin and a frilled lizard.

Vanquished Creatures
  2 goblins (D:1)
  A hobgoblin (D:1)
  A bat (D:1)
  A rat (D:1)
5 creatures vanquished.

Notes
Turn   | Place    | Note
-------+----------+-------------------------------------------
     0 | D:1      | MisterOstroum the Demigod Wanderer began the quest for the
                  | Orb.
     0 | D:1      | MisterOstroum set off with the following items: a +2
                  | quarterstaff, a +0 robe, a ration {!d}; and the following
                  | spells available to memorise: Summon Butterflies, Summon
                  | Small Mammal, Apportation, Infusion, Sandblast, Slow, Call
                  | Imp, Call Canine Familiar, Summon Ice Beast, Summon
                  | Lightning Spire
     0 | D:1      | Reached XP level 1. HP: 16/16 MP: 4/4
    55 | D:1      | Learned a level 1 spell: Summon Small Mammal
   159 | D:1      | Slain by a leopard gecko

Action                   || total
-------------------------++-------
Melee: Quarterstaff      ||    17
       Dagger            ||     6
Armor: Robe              ||     4
Dodge: Dodged            ||    21
